 Dungeon Crawl Stone Soup version 0.29.0-10-g45618ea6d2 (webtiles) character file.

Game seed: 1228714737735426647

39 nickcage the Poker (level 3, -1/27 HPs)
             Began as a Merfolk Gladiator on Sept 1, 2022.
             Succumbed to Crazy Yiuf's poison
             ... on level 2 of the Dungeon.
             The game lasted 00:02:39 (1734 turns).

nickcage the Poker (Merfolk Gladiator)              Turns: 1734, Time: 00:02:40

Health: -1/27      AC:  8    Str: 16    XL:     3   Next: 45%
Magic:  3/3        EV: 10    Int:  7    God:
Gold:   107        SH:  3    Dex: 15    Spells: 2/2 levels left

rFire   . . .      SeeInvis .   a - +0 trident
rCold   . . .      Faith    .   n - +0 buckler
rNeg    . . .      Spirit   .   q - +0 scale mail
rPois   .          Reflect  .   c - +0 helmet
rElec   .          Harm     .   o - +0 cloak
rCorr   .          Rampage  .   (no gloves)
Will    .....                   (no boots)
Stlth   ..........              (no amulet)
HPRegen 0.09/turn               (no ring)
MPRegen 0.08/turn               (no ring)

@: lethally poisoned (-1 -> -24)
A: (nimble swimmer 2), mertail
a: no special abilities


You were on level 2 of the Dungeon.
You visited 1 branch of the dungeon, and saw 2 of its levels.

You collected 107 gold pieces.

Inventory:

Hand Weapons
 a - a +0 trident (weapon)
Missiles
 d - 3 throwing nets
 e - a javelin
 g - 4 poisoned darts (quivered)
Armour
 b - a +0 leather armour
 c - a +0 helmet (worn)
 n - a +0 buckler (worn)
 o - a +0 cloak (worn)
 q - a +0 scale mail (worn)
Jewellery
 h - an amulet of reflection
 j - a +4 ring of evasion
Scrolls
 f - 2 scrolls of noise {unknown}
 k - a scroll of fog {unknown}
 r - 2 scrolls of identify {unknown}
Potions
 i - a potion of haste {unknown}
 l - 4 potions of curing {unknown}
 m - a potion of degeneration {unknown}
 p - a potion of heal wounds {unknown}


   Skills:
 - Level 2.1 Fighting
 + Level 5.8 Polearms
 - Level 2.0 Throwing
 - Level 4.0 Dodging
 + Level 0.1 Shields


You had 2 spell levels left.
You didn't know any spells.
Your spell library contained the following spells:

 Spells                   Type           Power      Damage    Failure   Level
 Beastly Appendage        Tmut           0%         N/A       94%         1
 Slow                     Hex            0%         N/A       94%         1
 Sublimation of Blood     Necr           0%         N/A       98%         2
 Wereblood                Tmut           0%         N/A       98%         2
 Confusing Touch          Hex            0%         N/A       100%        3
 Spider Form              Tmut/Pois      0%         N/A       100%        3
 Vampiric Draining        Necr           0%         2d6       100%        3
 Dispersal                Tloc           0%         N/A       100%        6
 Summon Hydra             Summ           0%         N/A       100%        7
 Disjunction              Tloc           0%         N/A       100%        8


Dungeon Overview and Level Annotations

Branches:
Dungeon (2/15)

Altars:
Fedhas

Annotations:
D:2 Crazy Yiuf


Innate Abilities, Weirdness & Mutations

((You are very nimble when in or above water. (Stealth+, EV+, Speed+++)))
Your lower body shifts to a powerful aquatic tail in water.


Message History

No target in view!
An adder comes into view.
The adder hisses angrily.
You puncture the adder!
The adder is severely wounded.
The adder bites you but does no damage. x2
You miss the adder.
The adder is severely wounded.
The adder closely misses you.
You closely miss the adder.
The adder is severely wounded.
The adder closely misses you.
You puncture the adder!
You kill the adder!
No target in view!
You now have 91 gold pieces (gained 14).
r - 2 scrolls labelled RIPPOHUSIU (gained 1)
You now have 107 gold pieces (gained 16).
You see here an adder corpse.
Found a hammer.
Found a hammer.
Found a stone staircase leading up.
You see here a +0 hammer.
You see here a +0 hammer.
Found a hammer.
Found a runed translucent door.
You open the door.
Crazy Yiuf says, "Proton head wrapper!"
You puncture Crazy Yiuf!
Crazy Yiuf is heavily wounded.
Crazy Yiuf hits you with a +3 quarterstaff of chaos.
You are electrocuted!
You hit Crazy Yiuf.
Crazy Yiuf is heavily wounded.
Crazy Yiuf hits you with a +3 quarterstaff of chaos!
* * * LOW HITPOINT WARNING * * *
You are lethally poisoned!
You are too injured to fight recklessly!
You hit Crazy Yiuf.
Crazy Yiuf is severely wounded.
You die...

#.# #.# ##.#### #.#
#.# #.#
#.###.....#####.# #.#
#.# #...).....##....#
#.# #.#
################# #.#
#.##### #.....# ###
###### ####### #)..###
##..#.##
#...g@####.)....######
#...##..#.)P..........
### ###.#...#..######
#######..# #<.# ###
############# #.#
#.........## #.#
#.#........#
#.#####..........#


You could see Crazy Yiuf.

Vanquished Creatures
  An adder (D:2)
  5 endoplasms
  3 giant cockroaches
  5 goblins
  3 hobgoblins (D:1)
  4 ball pythons
  2 bats
  3 kobolds
  3 rats (D:2)
29 creatures vanquished.

Notes
Turn   | Place    | Note
-------+----------+-------------------------------------------
     0 | D:1      | nickcage the Merfolk Gladiator began the quest for the Orb.
     0 | D:1      | Reached XP level 1. HP: 16/16 MP: 1/1
   152 | D:1      | Reached XP level 2. HP: 20/22 MP: 2/2
   334 | D:1      | Found a faded altar of an unknown god.
   564 | D:1      | Reached skill level 5 in Polearms
  1238 | D:2      | Reached XP level 3. HP: 27/27 MP: 3/3
  1391 | D:2      | Found a blossoming altar of Fedhas.
  1727 | D:2      | Found a runed translucent door.
  1728 | D:2      | Noticed Crazy Yiuf
  1734 | D:2      | Succumbed to Crazy Yiuf's poison

Illustrated notes

Levels and vault maps discovered:
D:1:      dpeg_arrival_morbid_curiosity, layout_basic,
          shapermc_ecumenical_altar_notcrosses, minmay_tetromino_l4
D:2:      layout_loops_ring, basic_altar, kennysheep_generic_room_15,
          uniq_crazy_yiuf_cottage

Skill      XL: |  1  2 |
---------------+-------+-----
Polearms       | 5 |  5.8
Fighting       | |  2.1
Throwing       | |  2.0
Dodging        | |  4.0
Shields        | |  0.1

Action                   || total
-------------------------++-------
Melee: Trident           ||    88
Throw: Dart              ||     2
Armor: Leather armour    ||    14
       Scale mail        ||     6
Dodge: Dodged            ||    35
Block: Buckler           ||     2
